 Dungeon Crawl Stone Soup version 0.31-a0-819-gf6de2f5ab6 (webtiles) character file.

Game seed: 14841061791140617026

133 Dirtsage the Chopper (level 4, 0/35 HPs)
             Began as a Demonspawn Fighter on Sept 23, 2023.
             Slain by an orc priest
             ... wielding a +0 morningstar
              (3 damage)
             ... on level 3 of the Dungeon.
             The game lasted 00:01:41 (1529 turns).

Dirtsage the Chopper (Demonspawn Fighter)           Turns: 1529, Time: 00:01:42

Health: 0/35       AC:  6    Str: 18    XL:     4   Next: 93%
Magic:  4/4        EV:  9    Int:  9    God:
Gold:   170        SH:  4    Dex: 13    Spells: 3/3 levels left

rFire   . . .        a - +0 war axe
rCold   . . .        c - +0 buckler
rNeg    . . .        b - +0 scale mail
rPois   .            (no helmet)
rElec   .            (no cloak)
rCorr   .            (no gloves)
SInv    .            (no boots)
Will    .....        (no amulet) Stlth
                     (no ring)
HPRegen 0.25/turn    (no ring)
MPRegen 0.09/turn

%: no passive effects
@: no status effects
A: ignite blood 1
a: no special abilities


You were on level 3 of the Dungeon.
You visited 1 branch of the dungeon, and saw 3 of its levels.

You collected 170 gold pieces.

Inventory:

Hand Weapons
 a - a +0 war axe (weapon)
Missiles
 p - 4 curare-tipped darts
Armour
 b - a +0 scale mail (worn)
 c - a +0 buckler (worn)
Scrolls
 e - a scroll of fog {unknown}
 g - a scroll of teleportation {unknown}
 i - a scroll of identify {unknown}
 l - a scroll of torment {unknown}
 o - a scroll of blinking {unknown}
 q - a scroll of enchant armour {unknown}
Potions
 d - a potion of might
 f - 2 potions of attraction {unknown}
 h - a potion of degeneration {unknown}
 j - a potion of berserk rage {unknown}
 k - 3 potions of lignification {unknown}
 m - a potion of brilliance {unknown}
 n - a potion of magic {unknown}


   Skills:
 - Level 3.0 Fighting
 + Level 4.7 Axes
 - Level 2.6 Armour
 - Level 2.6 Shields


You had 3 spell levels left.
You didn't know any spells.
Your spell library was empty.

Dungeon Overview and Level Annotations

Branches:
Dungeon (3/15)

Altars:
Hepliaklqana


Innate Abilities, Weirdness & Mutations

Your demonic aura sometimes causes spilled blood to erupt in flames.


Message History

You kill the orc!
An orc wizard comes into view. It is wielding a +0 dagger.
The orc priest looks satisfied for a moment.
You barely miss the hobgoblin. You block the hobgoblin's attack.
You slash the hobgoblin!
You kill the hobgoblin!
You barely miss the orc priest.
The orc priest hits you with a +0 morningstar. x2
The orc wizard gestures wildly while chanting.
The orc wizard flickers and vanishes!
Deactivating autopickup; reactivate with Ctrl-A.
You take 8 damage, and have 26/35 hp.
MASSIVE DAMAGE!!
You closely miss the orc priest.
The orc priest hits you with a +0 morningstar.
You take 2 damage, and have 24/35 hp.
You are too injured to fight recklessly!
You are too injured to fight recklessly!
You are too injured to fight recklessly!
You are too injured to fight recklessly!
You are too injured to fight recklessly!
You are too injured to fight recklessly!
You are too injured to fight recklessly!
You are too injured to fight recklessly!
You barely miss the orc priest. You block the orc priest's attack.
You closely miss the orc priest.
The orc priest hits you with a +0 morningstar!
You take 9 damage, and have 16/35 hp.
MASSIVE DAMAGE!!
You hit the orc priest but do no damage.
The orc priest barely misses you.
The orc priest calls down the wrath of Beogh upon you.
Beogh smites you!
* * * LOW HITPOINT WARNING * * *
You take 14 damage, and have 2/35 hp.
MASSIVE DAMAGE!!
You hit the orc priest.
The orc priest is lightly wounded.
The orc priest closely misses you.
You hit the orc priest.
The orc priest is moderately wounded.
The orc priest hits you with a +0 morningstar.
You die...

## ######### .#######
#.......### .......#
#.###.....#
..####.###.###.###>###
...)...........# #...#
..####.###.###.###.#.#
.## #.# #.# #.....#.#
.# #.# #.# ###.###.#
.# #.# #.# #@# .# .#
##.# ... #o# .# .#
..... .#. .o{ .#
##.##### . . ##..# .#
..... .... .#.## #..#.
.# ..... .# #..# # .#


You could see 2 orc priests.

Vanquished Creatures
  An orc priest (D:3)
  An orc wizard (D:3)
  An adder (D:2)
  A worm (D:2)
  3 orcs (D:3)
  8 endoplasms
  5 hobgoblins
  7 jackals (D:1)
  4 kobolds
  8 ball pythons
  4 bats
  7 frilled lizards
  6 goblins (D:1)
  3 rats
59 creatures vanquished.

Notes
Turn   | Place    | Note
-------+----------+-------------------------------------------
     0 | D:1      | Dirtsage the Demonspawn Fighter began the quest for the
                  | Orb.
     0 | D:1      | Reached XP level 1. HP: 18/18 MP: 1/1
    58 | D:1      | Reached skill level 2 in Axes
    72 | D:1      | Gained mutation: Your demonic aura sometimes causes spilled
                  | blood to erupt in flames. [demonic ancestry]
    72 | D:1      | Reached XP level 2. HP: 19/24 MP: 2/2
   201 | D:1      | Reached skill level 3 in Axes
   216 | D:1      | Reached XP level 3. HP: 17/29 MP: 3/3
   978 | D:2      | Found a hazy altar of Hepliaklqana.
  1336 | D:3      | Reached XP level 4. HP: 34/35 MP: 4/4
  1373 | D:3      | Reached skill level 4 in Axes
  1529 | D:3      | Slain by an orc priest

Illustrated notes

Levels and vault maps discovered:
D:1:      sevenhm_arrival_forest_fort_small_6, layout_basic,
          minmay_small_reverse_x
D:2:      layout_basic, basic_altar
D:3:      layout_loops_ring, trog_three_pillars_becter, uniq_natasha

Skill      XL: |  1  2  3  4 |
---------------+-------------+-----
Axes           | 2 3 4 |  4.7
Fighting       | |  3.0
Armour         | |  2.6
Shields        | |  2.6

Action                     |  1- 3 |  4- 6 || total
---------------------------+-------+-------++-------
  Melee: War axe           |   108 |    33 ||   141
 Armour: Scale mail        |   105 |    19 ||   124
  Dodge: Dodged            |    59 |    10 ||    69
  Block: Buckler           |    29 |     6 ||    35

Table legend: (Time is in decaauts)
 A = Elapsed time spent in this place.
 B = Non-inter-level travel time spent in this place.
 C = Inter-level travel time spent in this place.
 D = Time resting spent in this place.
 E = Time spent auto-exploring this place.
 F = Levels seen in this place.
 G = Mean time per level.
                   A        B        C        D        E       F      G
               +--------+--------+--------+--------+--------+-----+--------+
         Total |   1579 |   1543 |     36 |      0 |   1228 |   3 |  526.3 |
       Dungeon |   1579 |   1543 |     36 |      0 |   1228 |   3 |  526.3 |
               +--------+--------+--------+--------+--------+-----+--------+

Top non-repeatable levels by time:
     D:2: 658 daAuts
     D:1: 641 daAuts
     D:3: 279 daAuts
